AoeStats
← GorbGorb

Arabia

510191721Analyzed
2v2 RM · 18h ago on Sep 29, 2026· 61m 17s· 4 players
Game mode
Random Map
Map size
Medium (4 player)
Population
200
Speed
Normal
Resources
Standard
Victory
Conquest
Starting age
Dark Age
Ending age
Imperial Age
RankedLock teamsTeams togetherTeam positionsShared explorationLock speedFull tech treeHidden civsTurbo modeCheats
Victory
Defeat
🇺🇸 Maya · United States
1031
+15
🇦🇷 Gurjaras · Argentina
966
+18
🇩🇪 Romans · Germany
1010
-17
🇩🇪 Italians · Germany
1002
-16
GorbGorb
7:14 Loom
10:11 Feudal Age
10:56 Double-Bit Axe
11:11 Horse Collar
16:10 Fletching
16:23 Arson
23:05 Castle Age
23:18 Bloodlines
23:29 Light Cavalry
26:34 Light Cavalry
28:34 Elite Skirmisher
29:15 Bodkin Arrow
30:46 Bow Saw
30:38 Heavy Plow
31:16 Wheelbarrow
30:26 Town Watch
34:13 Husbandry
38:29 Imperial Age
37:56 Town Patrol
39:05 Ballistics
39:18 Thumb Ring
41:54 Bracer
41:54 Padded Archer Armor
41:59 Scale Barding Armor
42:05 Forging
43:22 Chemistry
52:41 Hussar
53:38 Hand Cart
54:12 Crop Rotation
54:49 Two-Man Saw
58:45 Conscription
Pyrox
7:40 Loom
10:26 Feudal Age
12:29 Double-Bit Axe
13:14 Man-at-Arms
15:10 Scale Mail Armor
18:02 Wheelbarrow
21:37 Castle Age
20:26 Fletching
20:40 Padded Archer Armor
21:36 Horse Collar
22:00 Long Swordsman
24:32 Bow Saw
24:44 Chain Mail Armor
25:24 Bodkin Arrow
26:09 Forging
27:23 Elite Skirmisher
28:38 Heavy Plow
30:13 Iron Casting
30:36 Squires
32:14 Town Watch
34:24 Leather Archer Armor
35:40 Scale Barding Armor
36:43 Pikeman
37:56 Stone Mining
37:57 Gold Mining
40:38 Chain Barding Armor
40:58 Hand Cart
41:07 Hand Cart
40:52 Town Patrol
44:50 Imperial Age
44:44 Ballistics
45:40 Gold Shaft Mining
47:08 Blast Furnace
46:47 Legionary
49:08 Ring Archer Armor
49:15 Plate Barding Armor
50:16 Conscription
52:17 Chemistry
52:50 Halberdier
59:04 Crop Rotation
60:14 Caravan
joseloren29
0:46 Loom
9:24 Feudal Age
12:01 Double-Bit Axe
16:45 Fletching
23:22 Castle Age
22:31 Padded Archer Armor
22:14 Horse Collar
23:28 Crossbowman
27:33 Bow Saw
27:41 Thumb Ring
32:07 Wheelbarrow
32:24 Town Watch
39:28 Imperial Age
39:14 Ballistics
39:54 Arbalester
44:37 Hand Cart
45:45 Conscription
47:50 Town Patrol
47:46 Elite Skirmisher
48:31 Hul'che Javelineers
48:31 Bodkin Arrow
48:51 Leather Archer Armor
50:41 Bracer
51:12 Ring Archer Armor
54:23 Chemistry
Jojo
9:53 Feudal Age
8:37 Loom
12:04 Double-Bit Axe
17:23 Castle Age
15:46 Horse Collar
20:02 Town Watch
23:11 Wheelbarrow
24:38 Fletching
25:57 Gold Mining
26:51 Padded Archer Armor
27:25 Forging
29:08 Bodkin Arrow
29:47 Fervor
30:02 Bloodlines
30:01 Heavy Plow
31:35 Scale Barding Armor
32:05 Ballistics
32:13 Husbandry
32:49 Leather Archer Armor
34:46 Chain Barding Armor
37:25 Imperial Age
36:29 Iron Casting
41:35 Chemistry
41:34 Hand Cart
43:14 Heavy Camel Rider
43:59 Elite Skirmisher
44:41 Bracer
45:36 Conscription
46:22 Plate Barding Armor
46:55 Light Cavalry
48:33 Bow Saw
52:11 Town Patrol
53:07 Kshatriyas
60:07 Masonry
62:11 Architecture
Connection lost

Rejoining the realm…

Still unreachable

The connection could not be restored.

Session expired

The server has moved on; the page needs a fresh start.